 Dungeon Crawl Stone Soup version 0.23-a0-313-gf30bb39 (webtiles) character file.

25 MatthieuS the Sneak (level 2, -2/16 HPs)
             Began as a Deep Elf Wanderer on Oct 12, 2018.
             Slain by a jackal (3 damage)
             ... on level 1 of the Dungeon.
             The game lasted 00:03:22 (723 turns).

MatthieuS the Sneak (Deep Elf Wanderer)              Turns: 723, Time: 00:03:23

Health: -2/16      AC:  2    Str:  8    XL:     2   Next: 82%
Magic:  1/6        EV: 12    Int: 15    God:
Gold:   33         SH:  0    Dex: 16    Spells: 2/4 levels left

rFire    . . .     SeeInvis .   w - +0 hunting sling
rCold    . . .     Gourm    .   (no shield)
rNeg     . . .     Faith    .   f - +0 robe
rPois    .         Spirit   .   (no helmet)
rElec    .         Reflect  .   (no cloak)
rCorr    .         Harm     .   (no gloves)
MR       .....                  (no boots)
Stlth    ++........             (no amulet)
HPRegen  0.05/turn              (no ring)
MPRegen  0.10/turn              (no ring)

@: very slightly contaminated
A: no striking features
a: no special abilities


You were on level 1 of the Dungeon.
You were not hungry.

You visited 1 branch of the dungeon, and saw 1 of its levels.

You collected 33 gold pieces.

Inventory:

Hand Weapons
 a - a +2 dagger
 c - a +0 quarterstaff
 w - a +0 hunting sling (weapon)
   (You found it on level 1 of the Dungeon)
Missiles
 j - 16 sling bullets (quivered)
Armour
 f - a +0 robe (worn)
Scrolls
 d - a scroll of teleportation {unknown}
 i - a scroll of immolation {unknown}
Potions
 h - a potion of brilliance {unknown}
Comestibles
 b - a chunk of flesh
 e - a ration


   Skills:
 + Level 1.5 Fighting
   Level 1.0 Long Blades
 - Level 1.0 Throwing
 - Level 1.2 Dodging
 + Level 3.1 Stealth
 + Level 1.6 Spellcasting
 + Level 0.4 Conjurations
 + Level 2.3 Ice Magic
   Level 1.1 Poison Magic
   Level 1.1 Evocations


You had 2 spell levels left.
You knew the following spells:

 Your Spells              Type           Power        Failure   Level  Hunger
a - Throw Frost           Conj/Ice       #.....       21%         2    ###....

Your spell library contained the following spells:

 Spells                   Type           Power        Failure   Level  Hunger
 Ensorcelled Hibernation  Hex/Ice        #.....       22%         2    ###....


Dungeon Overview and Level Annotations

Branches:
Dungeon (1/15)

Altars:


Message History

The sling bullet hits the jackal.
You kill the jackal!
A kobold comes into view. It is wielding a short sword.
Firing (i - inventory)
j - 21 sling bullets (quivered)
Aim: a jackal You shoot a sling bullet.
The sling bullet barely misses the jackal.
The sling bullet closely misses the jackal.
The kobold shouts!
The jackal closely misses you.
Firing (i - inventory)
j - 20 sling bullets (quivered)
Aim: a jackal You shoot a sling bullet.
The sling bullet hits the jackal.
You kill the jackal!
Firing (i - inventory)
j - 19 sling bullets (quivered)
Aim: a jackal You shoot a sling bullet.
The sling bullet closely misses the jackal.
The sling bullet hits the jackal but does no damage.
The jackal bites you. x2
Aim: a jackal You miscast Throw Frost.
You are very lightly contaminated with residual magic.
Your hands feel numb with cold.
The jackal bites you. The jackal closely misses you. The jackal bites you.
Aim: a jackal The puff of frost hits the jackal.
The jackal completely misses you.
The jackal bites you but does no damage.
Aim: a jackal (severely wounded)
You miscast Throw Frost.
You are momentarily dazzled by a flash of light!
The jackal barely misses you. x2; The kobold barely misses you.
The jackal closely misses you. The jackal bites you.
* * * LOW HITPOINT WARNING * * *
The jackal bites you.
* * * LOW HITPOINT WARNING * * *
Firing (i - inventory)
j - 18 sling bullets (quivered)
Aim: a jackal (severely wounded)
You shoot a sling bullet. The sling bullet hits the jackal.
You kill the jackal!
The kobold hits you with a short sword.
* * * LOW HITPOINT WARNING * * *
The jackal bites you.
* * * LOW HITPOINT WARNING * * *
Firing (i - inventory)
j - 17 sling bullets (quivered)
Aim: a jackal You shoot a sling bullet.
The sling bullet barely misses the jackal.
The jackal bites you.
You die...

#####....###
#......# #......#
#......# #......#
####......# #
#.........# .#
#.......########.#
#....@hK.........#
#....##..........#
#....##........[.#.
##...##............
#...##......((...(
#...##........$#.(
######.........#
#.........#
#.........#


You could see a jackal and a kobold.

Vanquished Creatures
  An ooze (D:1)
  2 dart slugs (D:1)
  3 bats (D:1)
  A giant cockroach (D:1)
  A goblin (D:1)
  2 hobgoblins (D:1)
  3 jackals (D:1)
  A frilled lizard (D:1)
  A rat (D:1)
15 creatures vanquished.

Notes
Turn   | Place    | Note
-------+----------+-------------------------------------------
     0 | D:1      | MatthieuS the Deep Elf Wanderer began the quest for the
                  | Orb.
     0 | D:1      | MatthieuS set off with: a +2 dagger, a scroll of fear, a +0
                  | quarterstaff, a ration, a +0 robe
     0 | D:1      | Reached XP level 1. HP: 12/12 MP: 3/3
   337 | D:1      | Reached skill level 1 in Spellcasting
   345 | D:1      | Reached XP level 2. HP: 7/16 MP: 5/5
   357 | D:1      | Learned a level 2 spell: Throw Frost
   553 | D:1      | Reached skill level 3 in Stealth
   723 | D:1      | Slain by a jackal

Vault maps used:
D:1:      matt_arrival_debris, minmay_tetromino_i4

Skill      XL: |  1  2 |
---------------+-------+-----
Spellcasting   | 1 |  1.6
Stealth        | 3 |  3.1
Fighting       | |  1.5
Long Blades    | |  1.0
Throwing       | |  1.0
Dodging        | |  1.2
Conjurations   | |  0.4
Ice Magic      | |  2.3
Poison Magic   | |  1.1
Evocations     | |  1.1

Action                   || total
-------------------------++-------
Melee: Dagger            ||    27
 Fire: Hunting sling     ||    15
 Cast: Throw Frost       ||     5
  Use: Scroll            ||     1
 Stab: Sleeping          ||     2
Armor: Robe              ||     3
Dodge: Dodged            ||    21

Table legend:
 A = Non-vault XP
 B = Vault XP
 C = Vault XP percentage of total XP
 D = Non-vault monster count
 E = Vault monster count
 F = Vault count percentage of total count
                 A         B        C        D         E       F
            +---------+---------+-------+---------+---------+-------
      Total |      29 |       7 |  19.4 |      12 |       3 |  20.0
            +---------+---------+-------+---------+---------+-------
        D:1 |      29 |       7 |  19.4 |      12 |       3 |  20.0
            +---------+---------+-------+---------+---------+-------
